 Dungeon Crawl Stone Soup version 0.28-a0-43-g560ac104fe (webtiles) character file.

Game seed: 12799930656870296285

5858 Lekart the Ducker (level 10, -16/86 HPs)
             Began as a Purple Draconian Fighter on July 28, 2021.
             Was an Initiate of Ashenzari.
             Demolished by a death yak (22 damage)
             ... on level 10 of the Dungeon.
             The game lasted 00:20:59 (14795 turns).

Lekart the Ducker (Purple Draconian Fighter)       Turns: 14795, Time: 00:21:00

Health: -16/86     AC: 13    Str: 21    XL:     10   Next: 52%
Magic:  10/10      EV: 14    Int:  9    God:    Ashenzari [......]
Gold:   1279       SH:  5    Dex: 11    Spells: 9/9 levels left

rFire   . . .      SeeInvis .   g - +2 executioner's axe (flame)
rCold   . . .      Faith    .   (shield currently unavailable)
rNeg    . . .      Spirit   .   (armour unavailable)
rPois   .          Reflect  +   (helmet restricted)
rElec   .          Harm     .   (no cloak)
rCorr   .          Rampage  .   r - +0 pair of gloves
Will    +....                   v - +0 pair of boots
Stlth   +.........              s - amulet of reflection
HPRegen 0.24/turn               d - +4 ring of protection
MPRegen 0.12/turn               (no ring)

@: studying Dodging
A: breathe power, AC +7, unfitting armour, cold-blooded
a: Breathe Dispelling Energy, Renounce Religion, Curse Item


You were on level 10 of the Dungeon.
You worshipped Ashenzari.
Ashenzari was noncommittal.
You visited 2 branches of the dungeon, and saw 11 of its levels.
You also visited: Sewer and Bailey.

You collected 1389 gold pieces.
You spent 110 gold pieces at shops.

Inventory:

Hand Weapons
 a - a +0 long sword
 g - a +2 executioner's axe of flaming (weapon)
 k - the +9 hunting sling of Rubbish {freeze, Str+4 Stlth+}
   (You found it on level 4 of the Dungeon)

   Any ammunition fired from it freezes those it strikes, dealing additional
   cold damage.
   It can also slow down cold-blooded creatures.
   Str:       It affects your strength (+4).
   Stlth:     It makes you more stealthy.
 p - a +0 whip of electrocution
 y - a +6 vampiric trident
 z - a +2 long sword of flaming
Missiles
 m - 33 sling bullets
Armour
 r - a +0 pair of gloves (worn)
 u - a +0 kite shield of reflection
 v - a +0 pair of boots (worn)
Jewellery
 d - a +4 ring of protection (left hand)
 q - a ring of flight
 s - an amulet of reflection (around neck)
Wands
 o - a wand of iceblast (11)
 t - a wand of acid (6)
 w - a wand of polymorph (4)
 x - a wand of flame (6)
Scrolls
 h - a scroll of fear
 j - a scroll of teleportation
 B - 2 scrolls of identify
Potions
 b - a potion of flight
 c - 3 potions of might
 e - 4 potions of curing
 f - 4 potions of heal wounds
 i - a potion of cancellation
 l - a potion of brilliance


   Skills:
 + Level 7.3 Fighting
 + Level 4.2 Long Blades
 + Level 2.1(4.7) Axes
 + Level 2.4(2.8) Maces & Flails
 + Level 6.1(6.3) Polearms
 + Level 7.2 Slings
 + Level 7.8 Dodging
 + Level 7.6 Shields


You had 9 spell levels left.
You didn't know any spells.
Your spell library contained the following spells:

 Spells                   Type           Power      Damage    Failure   Level
 Animate Skeleton         Necr           0%         N/A       38%         1
 Apportation              Tloc           0%         N/A       38%         1
 Corona                   Hex            0%         N/A       38%         1
 Summon Small Mammal      Summ           0%         N/A       38%         1
 Slow                     Hex            0%         N/A       52%         2
 Sublimation of Blood     Necr           0%         N/A       52%         2
 Wereblood                Tmut           0%         N/A       52%         2
 Confusing Touch          Hex            0%         N/A       77%         3
 Dazzling Flash           Conj/Hex       0%         N/A       77%         3
 Ignite Poison            Fire/Tmut/Pois 0%         N/A       77%         3
 Mephitic Cloud           Conj/Pois/Air  0%         N/A       77%         3
 Vampiric Draining        Necr           0%         2d6       77%         3
 Iskenderun's Mystic Bla  Conj/Tloc      0%         2d3       99%         4
 Blade Hands              Tmut           0%         N/A       100%        5
 Bolt of Magma            Conj/Fire/Erth 0%         4d4       100%        5
 Irradiate                Conj/Tmut      0%         3d14      100%        5
 Starburst                Conj/Fire      0%         8x6d3     100%        6
 Dragon Form              Tmut           0%         N/A       100%        7
 Summon Hydra             Summ           0%         N/A       100%        7


Dungeon Overview and Level Annotations

Branches:
Dungeon (10/15)            Temple (1/1) D:6            Lair (0/6) D:10
    Orc (0/2) D:9           Sewer (visited)          Bailey (visited)

Altars:
Ashenzari
Cheibriados
Dithmenos
Elyvilon
Gozag
Hepliaklqana
Kikubaaqudgha
Makhleb
Nemelex Xobeh
Okawaru
Qazlal
Ru
Sif Muna
Uskayaw
Vehumet
Wu Jian
Xom
Yredelemnul
Zin
The Shining One

Shops:
D:5 ((=[*

Annotations:
D:6 1 runed translucent door, micdi's ghost, novice DEAE


Innate Abilities, Weirdness & Mutations

You can breathe bolts of dispelling energy.
Your rich purple scales are hard. (AC +7)
You cannot fit into any form of body armour.
You are cold-blooded and may be slowed by cold attacks.


Message History

The death yak is lightly wounded.
You hit the death yak but do no damage.
Your unseen horror hits the death yak but does no damage.
Your unseen horror hits the yak.
Your kobold completely misses the orc warrior.
Your kobold barely misses the yak.
The orc priest mumbles some strange prayers to Beogh against you.
Beogh smites you! The death yak closely misses you.
The death yak barely misses you.
Your kobold barely misses the yak.
Your kobold barely misses the orc warrior.
Your unseen horror hits the yak!
You slice the death yak!! You burn the death yak.
The death yak is heavily wounded.
You hit the death yak. You burn the death yak.
Your unseen horror barely misses the yak.
The death yak gores you!
* * * LOW HITPOINT WARNING * * *
The death yak gores you.
* * * LOW HITPOINT WARNING * * *
Your unseen horror barely misses the yak.
Your kobold hits the orc warrior but does no damage.
Your kobold hits the yak but does no damage.
Something hits your kobold but does no damage.
The death yak gores you!
* * * LOW HITPOINT WARNING * * *
The death yak gores you.
* * * LOW HITPOINT WARNING * * *
Your kobold barely misses the orc warrior.
Your kobold hits the yak with a +0 short sword.
As you read the scroll of fear, it crumbles to dust.
You assume a fearsome visage.
The death yak resists with almost no effort.
The death yak looks frightened!
The yak looks frightened! x2
The orc warrior looks frightened!
The orc priest looks frightened!
Your unseen horror closely misses the yak.
The yak gores your kobold!
Your kobold dies!
Your kobold's corpse dissolves into shadows!
The death yak gores you!!
You die...

,,,,,*,,,,,,,*,,,* ###..##*****
,,,,******,*,***,* #......,,,,**
,,,,**,,,,,*,,,,,* #.≈≈≈≈≈≈≈...,
,,,,,*,**#*#.##### ##.≈#####≈.>#*
*,,,**,,,..#...).###..≈#)..#≈..#*
,,,,**,**#..#**#{K....≈#.∩.#≈..#
,,*,**,,,.....*#o###..≈#.))#≈..#
,,*,,+,*,....x.#Y# ##.≈##.##≈..#
******,,*...=Y.Y@# #.≈≈≈≈≈≈≈..#
*,,,.....Y+## #....))...## **
*,,,....o.,* ###.#...### ,*
*,,,.....,** #......# ,*
*,,,.>...,* ######.#### ,*
**,,,?...,,* #........[# ,*
*,,,,....,******###.........#
,****,,,,,,,,,*,,,,,.........[..#
,+,,,,,,,,,,,,,*****###..........


You could see 2 death yaks, 2 yaks, an orc warrior (fleeing, ally target), an
orc priest (fleeing), a friendly unseen horror (summoned, invisible) and a
friendly kobold (summoned).

Vanquished Creatures
  A death yak (D:10)
  A troll (D:8)
  A shadow (D:9)
  A vampire (D:10)
  3 wyverns
  Menkaure (D:7)
  A water moccasin (D:6)
  3 orc warriors (Bailey)
  3 black bears
  A sky beast (D:8)
  A necrophage (D:6)
  3 centaurs
  A phantom (D:5)
  2 kobold brigands
  A gnoll sergeant (D:6)
  A wyvern zombie (D:6)
  5 bullfrogs
  A scorpion (D:6)
  12 wights
  8 howler monkeys
  2 centaur zombies (D:8)
  2 hounds
  4 orc priests
  A centaur skeleton (D:5)
  4 iguanas
  10 orc wizards
  A killer bee zombie (D:7)
  A hound skeleton (D:4)
  A howler monkey zombie (D:5)
  7 gnolls
  12 adders
  2 shadow imps
  4 white imps
  An ufetubus (D:7)
  An adder skeleton (D:5)
  5 worms
  3 dart slugs
  24 orcs
  23 ball pythons
  7 bats
  15 endoplasms
  15 giant cockroaches
  9 hobgoblins
  11 jackals
  10 quokkas
  11 frilled lizards
  8 goblins
  31 kobolds
  9 rats
285 creatures vanquished.

Vanquished Creatures (collateral kills)
  A two-headed ogre (D:9)
  2 centaur zombies (D:9)
  An orc wizard (D:9)
4 creatures vanquished.

Vanquished Creatures (others)
  A kobold brigand (D:8)
  A kobold (D:8)
  5 fungi (D:2)
  3 plants (D:2)
  A withered plant (D:7)
11 creatures vanquished.

Grand Total: 300 creatures vanquished

Notes
Turn   | Place    | Note
-------+----------+-------------------------------------------
     0 | D:1      | Lekart the Draconian Fighter began the quest for the Orb.
     0 | D:1      | Reached XP level 1. HP: 19/19 MP: 1/1
    97 | D:1      | Reached XP level 2. HP: 11/26 MP: 2/2
   363 | D:1      | HP: 1/26 [frozen (5)]
  1004 | D:1      | Reached XP level 3. HP: 31/31 MP: 3/3
  1577 | D:2      | Found a faded altar of an unknown god.
  1794 | D:2      | Reached XP level 4. HP: 36/39 MP: 4/4
  1842 | D:2      | You fall into a shaft and drop 1 floor!
  1842 | D:3      | Found a glowing drain.
  1848 | Sewer    | Entered a sewer
  2261 | Sewer    | Reached XP level 5. HP: 46/46 MP: 5/5
  2590 | Sewer    | Reached XP level 6. HP: 9/52 MP: 6/6
  3507 | D:3      | Identified a scroll of acquirement
  3507 | D:3      | Acquired a manual of Dodging
  4293 | D:4      | Identified the +9 hunting sling of Rubbish {freeze, Str+4
                  | Stlth+}
  4601 | D:4      | Found an iron altar of Okawaru.
  4645 | D:4      | Found a snail-covered altar of Cheibriados.
  4666 | D:4      | Reached skill level 1 in Maces & Flails
  4770 | D:4      | Found an ornate altar of the Wu Jian Council.
  4884 | D:4      | Found a hazy altar of Hepliaklqana.
  4911 | D:5      | Entered Level 5 of the Dungeon
  4911 | D:5      | Found Unosor's Weapon Boutique.
  4938 | D:5      | Found Dyapoir's Weapon Boutique.
  5003 | D:5      | Your scales start taking on a rich purple colour.
  5003 | D:5      | Reached XP level 7. HP: 60/60 MP: 7/7
  5008 | D:5      | Reached skill level 5 in Shields
  5161 | D:5      | Reached skill level 1 in Slings
  5209 | D:5      | Found Yperuske's Assorted Antiques.
  5292 | D:5      | Found Woute's Armour Shoppe.
  5298 | D:5      | Bought a +0 kite shield of reflection for 110 gold pieces
  5319 | D:5      | Found Pueri's Jewellery Shoppe.
  5766 | D:5      | Found a radiant altar of Vehumet.
  5990 | D:6      | Reached XP level 8. HP: 67/67 MP: 8/8
  5992 | D:6      | Reached skill level 5 in Dodging
  6049 | D:6      | Found a runed translucent door.
  6055 | D:6      | Noticed micdi's ghost (novice DEAE)
  6066 | D:6      | Found a stormy altar of Qazlal.
  6068 | D:6      | Found a white marble altar of Elyvilon.
  6249 | D:6      | Found a shimmering altar of Xom.
  6361 | D:6      | Reached skill level 5 in Fighting
  6462 | D:6      | Reached skill level 5 in Slings
  6730 | D:6      | Found a staircase to the Ecumenical Temple.
  6743 | Temple   | Entered the Ecumenical Temple
  6841 | Temple   | Became a worshipper of Ashenzari the Shackled
  7043 | D:7      | Reached XP level 9. HP: 40/74 MP: 9/9
  7080 | D:6      | Reached skill level 1 in Polearms
  7478 | D:7      | Noticed Menkaure
  7483 | D:7      | Killed Menkaure
  7752 | D:7      | Found an ancient bone altar of Kikubaaqudgha.
  9355 | D:8      | Noticed a cyclops
  9355 | D:8      | Noticed a centaur warrior
  9566 | D:9      | Noticed a troll
  9578 | D:8      | Killed a troll
  9714 | D:9      | Noticed a two-headed ogre
  9766 | D:8      | Identified the ring "Jidor" {Will+ rCorr Int+6 Slay+3}
  9787 | D:9      | Killed a two-headed ogre
  9788 | D:9      | Reached XP level 10. HP: 67/84 MP: 10/10
  9908 | D:9      | Reached skill level 5 in Polearms
 10072 | D:9      | Found a hide-covered altar of Uskayaw.
 10169 | D:9      | Found a staircase to the Orcish Mines.
 10339 | D:10     | Entered Level 10 of the Dungeon
 10341 | D:10     | Acquired 905 gold pieces
 10361 | D:10     | Found a flagged portal.
 10375 | Bailey   | Entered a bailey
 14776 | D:10     | Noticed a death yak
 14784 | D:10     | Killed a death yak
 14787 | D:10     | Found a staircase to the Lair.
 14787 | D:10     | Noticed a death yak
 14787 | D:10     | Noticed a death yak
 14795 | D:10     | Demolished by a death yak

Illustrated notes

Levels and vault maps discovered:
D:1:      elethiomel_arrival_quiet, layout_basic, minmay_splitting_lines
D:2:      layout_basic, shapermc_ecumenical_altar_mp_ritualfount
D:3:      layout_rooms, cheibrodos_sewer_entry_drain,
          kennysheep_cross_bottleneck
D:4:      layout_rooms, cheibrodos_worm_habitat, okawaru_ov_weapons_minmay,
          kennysheep_little_box, nicolae_hepliaklqana_hippocampus
D:5:      kennysheep_six_static_rooms, layout_loops_ring,
          nicolae_overflow_hidden_temple, serial_shops, nicolae_shop_crystal,
          nicolae_shop_crystal, shop, nicolae_shop_trees, nicolae_stop_n_shop_1
D:6:      black_bear_nest_1, layout_rooms, mainiacjoe_overflow_24_doors,
          chequers_temple_overflow_statue_of_worship, minmay_temple_entry_fiery,
          ebering_ghost_reflecting_pool, amethyst_killhole, st_stairs_14
D:7:      layout_gridville, kiku_gazebo_garden_becter, uniq_menkaure
D:8:      minmay_the_grid_triangle_9x9_rhombus_thin
          [minmay_the_grid_triangle_9x9_sparse_checkered,
          minmay_the_grid_triangle_9x9_prize_special,
          minmay_the_grid_triangle_9x9_from_above,
          minmay_the_grid_triangle_9x9_swiss_cheese], layout_layer_cave
D:9:      layout_rooms, eat_drink_and_be_merry_uskayaw
D:10:     layout_roguey, trog_ov_bears_minmay, fedhas_altar_2,
          dpeg_lair_monsters, enter_bailey_3, hellmonk_guarded_unrand_vines,
          uniq_erolcha
Temple:   cyrus_temple_forest

Skill      XL: |  1  2  3  4  5  6  7  8  9 10 |
---------------+-------------------------------+-----
Dodging        | 3 4 5 7 |  7.8
Long Blades    | 3 4 |  4.2
Shields        | 4 5 7 |  7.6
Fighting       | 4 5 6 7 |  7.3
Maces & Flails | 1 2 |  2.4
Slings         | 3 6 7 |  7.2
Polearms       | 4 6 |  6.1
Axes           | 2 |  2.1

Action                   |  1- 3 |  4- 6 |  7- 9 | 10-12 || total
-------------------------+-------+-------+-------+-------++-------
Melee: Long sword        |   141 |   210 |       |       ||   351
       Tailslap          |    16 |    33 |    23 |     8 ||    80
       Whip              |       |    72 |     4 |       ||    76
       Trident           |       |       |   170 |   185 ||   355
       Executioner's axe |       |       |       |    23 ||    23
 Fire: Hunting sling     |       |    10 |   142 |       ||   152
 Abil: Breathe Dispellin |       |       |     1 |       ||     1
  Use: Scroll            |       |     9 |     9 |     4 ||    22
       Potion            |       |     1 |     1 |     3 ||     5
 Stab: Sleeping          |       |       |     1 |       ||     1
Armor: Skin              |    83 |   157 |    81 |    39 ||   360
Dodge: Dodged            |    90 |   203 |    95 |    40 ||   428
Block: Kite shield       |   106 |   212 |   207 |    71 ||   596
       Reflection        |       |       |    12 |    20 ||    32
       Other             |       |       |       |    10 ||    10
       Rpst.: Long sword |    22 |    48 |       |       ||    70

Table legend: (Time is in decaauts)
 A = Elapsed time spent in this place.
 B = Non-inter-level travel time spent in this place.
 C = Inter-level travel time spent in this place.
 D = Time resting spent in this place.
 E = Time spent auto-exploring this place.
 F = Levels seen in this place.
 G = Mean time per level.
                   A        B        C        D        E       F      G
               +--------+--------+--------+--------+--------+-----+--------+
         Total |  15227 |  14815 |    412 |   5953 |   6338 |  13 | 1171.3 |
       Dungeon |   9814 |   9430 |    384 |   1794 |   6006 |  10 |  981.4 |
        Temple |    126 |     98 |     28 |      0 |     54 |   1 |  126.0 |
         Sewer |   1177 |   1177 |      0 |    557 |    156 |   1 | 1177.0 |
        Bailey |   4109 |   4109 |      0 |   3602 |    121 |   1 | 4109.0 |
               +--------+--------+--------+--------+--------+-----+--------+

Top non-repeatable levels by time:
  Bailey: 4109 daAuts
     D:8: 1930 daAuts
     D:1: 1311 daAuts
     D:3: 1239 daAuts
   Sewer: 1177 daAuts
     D:6: 1131 daAuts
     D:5: 1067 daAuts
     D:2: 966 daAuts
     D:7: 662 daAuts
     D:9: 605 daAuts
     D:4: 506 daAuts
    D:10: 392 daAuts
  Temple: 126 daAuts
